 Dungeon Sprint DCSS version 0.21.2 (webtiles) character file.

4035 Fang the Severer (level 10, -14/106 HPs)
             Began as a Gargoyle Berserker on Dec 21, 2018.
             Was the Champion of Trog.
             Demolished by a death cob (24 damage)
             ... in the Dungeon (Sprint VII: "The Pits").
             The game lasted 00:02:38 (1536 turns).

Fang the Severer (Gargoyle Berserker)               Turns: 1536, Time: 00:02:38

Health: -14/106    AC: 20    Str: 29    XL:     10   Next: 24%
Magic:  10/10      EV: 15    Int: 11    God:    Trog [******]
Gold:   0          SH:  0    Dex: 12    Spells: 9/9 levels left

rFire    . . .     SeeInvis .   j - +7 battleaxe (freeze)
rCold    . . .     Gourm    .   (shield currently unavailable)
rNeg     + . .     Faith    .   x - +5 ring mail
rPois    ∞         Spirit   .   w - +0 helmet
rElec    +         Reflect  .   (no cloak)
rCorr    .         Harm     .   (no gloves)
MR       .....     NoTele   +   (no boots)
Stlth    ..........             (no amulet)
HPRegen  0.27/turn              q - +3 ring of dexterity
MPRegen  0.12/turn              r - +3 ring of intelligence

@: berserking, slowed
A: negative energy resistance 1, electricity resistance, unbreathing,
petrification resistance, rot immunity, AC +7
a: Berserk, Trog's Hand, Brothers in Arms, Burn Spellbooks, Renounce Religion


You were in the Dungeon.
You worshipped Trog.
Trog was exalted by your worship.
You were very hungry.

You visited 1 branch

Inventory:

Hand Weapons
 b - a +4 antimagic battleaxe
 j - a +7 battleaxe of freezing (weapon)
 p - a +4 battleaxe of chopping
Armour
 w - a +0 helmet (worn)
 x - a +5 ring mail (worn)
Jewellery
 q - a +3 ring of dexterity (left hand)
 r - a +3 ring of intelligence (right hand)
Scrolls
 i - a scroll of blinking
 k - 3 scrolls of remove curse
 l - a scroll of summoning
Potions
 a - 2 potions of invisibility
 d - 9 potions of curing
 e - 10 potions of heal wounds
 f - a potion of haste
 g - 4 potions of magic
 h - 3 potions of berserk rage
 s - a potion of brilliance
 t - a potion of agility
 u - 2 potions of resistance
Comestibles
 c - 9 rations


   Skills:
 + Level 11.8 Fighting
 + Level 15.5 Axes
 + Level 8.5 Armour
 + Level 7.5 Dodging
 + Level 3.9 Stealth


You had 9 spell levels left.
You didn't know any spells.

Dungeon Overview and Level Annotations

Branches:
Dungeon (1/1)

Altars:
Ashenzari
Cheibriados
Dithmenos
Elyvilon
Fedhas
Gozag
Hepliaklqana
Kikubaaqudgha
Makhleb
Nemelex Xobeh
Okawaru
Qazlal
Ru
Sif Muna
Trog
Uskayaw
Vehumet
Wu Jian
Xom
Yredelemnul
Zin
The Shining One
Beogh
Jiyva
Lugonu


Innate Abilities, Weirdness & Mutations

You are resistant to torment.
Your stone body is resilient. (AC +7)
You are immune to poison.
You resist negative energy. (rN+)
You are resistant to electric shocks. (rElec)
You can survive without breathing.
You are immune to petrification.
You are immune to rotting.


Message History

The death cob hits you.
* * * LOW HITPOINT WARNING * * *
The death cob drains your vigour!
You feel as though you will be slow longer.
The death cob barely misses you. The death cob hits you!
* * * LOW HITPOINT WARNING * * *
The death cob drains your vigour!
You feel as though you will be slow longer.
You miss the death cob.
The death cob is lightly damaged.
The death cob barely misses you.
The death cob hits you but does no damage.
You slice the death cob!! You freeze the death cob.
The death cob is heavily damaged.
The death cob hits you!
* * * LOW HITPOINT WARNING * * *
The death cob drains your vigour!
You feel as though you will be slow longer.
The death cob hits you!!
You die...

#..####.....##.##
#...##......#...#
#
#...((÷.....+...+
.+
#...##).....#...#
..#
#..####.....##†##
#.# #..#
##...##...###..#
#..#
##.##.....#...#
#..# +#......z..#
#..#
......###@..##
#### ###### #####


You could see a death cob.

Vanquished Creatures
  An elephant (D)
  A manticore (D)
  A demonic crawler (D)
  An ice devil (D)
  A red devil (D)
  A tyrant leech (D)
  A snapping turtle (D)
  A redback (D)
  A tarantella (D)
  A fire bat (D)
  A shadow (D)
  Grum (D)
  A hungry ghost (D)
  A steam dragon (D)
  A water moccasin (D)
  Purgy (D)
  An eye of draining (D)
  A phantom (D)
  2 ice beasts (D)
  A centaur (D)
  3 wolves (D)
  A crocodile (D)
  A gnoll sergeant (D)
  A gnoll shaman (D)
  2 iguanas (D)
  2 worker ants (D)
  A mummy (D)
  7 gnolls (D)
  An ufetubus (D)
  An adder zombie (D)
  A bat zombie (D)
  2 goblins (D)
  A hobgoblin (D)
  2 quokkas (D)
  A bat (D)
  A frilled lizard (D)
  A rat (D)
50 creatures vanquished.

Notes
Turn   | Place    | Note
-------+----------+-------------------------------------------
     0 | D        | Fang the Gargoyle Berserker began the quest for the Orb.
     0 | D        | Reached XP level 1. HP: 14/14 MP: 1/1
    18 | D        | Reached skill level 3 in Axes
   176 | D        | Reached XP level 2. HP: 20/20 MP: 2/2
   180 | D        | Reached ** piety under Trog
   293 | D        | Reached skill level 5 in Fighting
   293 | D        | Reached skill level 4 in Axes
   293 | D        | Reached XP level 3. HP: 22/26 MP: 3/3
   347 | D        | Noticed a phantom
   354 | D        | Reached *** piety under Trog
   372 | D        | Killed a phantom
   372 | D        | Reached skill level 6 in Axes
   372 | D        | Reached XP level 4. HP: 19/32 MP: 4/4
   372 | D        | Reached XP level 5. HP: 22/37 MP: 5/5
   541 | D        | Noticed Purgy
   547 | D        | Reached **** piety under Trog
   554 | D        | Noticed an ice beast
   559 | D        | Reached skill level 7 in Axes
   559 | D        | Reached XP level 6. HP: 44/44 MP: 6/6
   560 | D        | Reached ***** piety under Trog
   565 | D        | Killed an ice beast
   565 | D        | Reached skill level 8 in Axes
   565 | D        | Reached skill level 5 in Armour
   565 | D        | Reached skill level 5 in Dodging
   570 | D        | Killed Purgy
   570 | D        | Received a gift from Trog
   570 | D        | Reached skill level 9 in Axes
   570 | D        | Reached skill level 1 in Stealth
   570 | D        | Reached XP level 7. HP: 51/51 MP: 7/7
   658 | D        | Received a gift from Trog
   694 | D        | Noticed a steam dragon
   699 | D        | Reached skill level 10 in Axes
   701 | D        | Killed a steam dragon
   869 | D        | Found a bloodstained altar of Trog.
   869 | D        | Found a deep blue altar of Sif Muna.
   869 | D        | Found a viscous altar of Jiyva.
   869 | D        | Found a hazy altar of Hepliaklqana.
   869 | D        | Found an opulent altar of Gozag.
   870 | D        | Found a glowing golden altar of the Shining One.
   870 | D        | Found a glowing silver altar of Zin.
   870 | D        | Found a basalt altar of Yredelemnul.
   870 | D        | Found a shimmering altar of Xom.
   870 | D        | Found an ornate altar of the Wu Jian Council.
   870 | D        | Found a sacrificial altar of Ru.
   870 | D        | Found a stormy altar of Qazlal.
   870 | D        | Found an iron altar of Okawaru.
   870 | D        | Found a sparkling altar of Nemelex Xobeh.
   870 | D        | Found a burning altar of Makhleb.
   870 | D        | Found a blossoming altar of Fedhas.
   870 | D        | Found a white marble altar of Elyvilon.
   870 | D        | Found a shadowy altar of Dithmenos.
   870 | D        | Found a snail-covered altar of Cheibriados.
   871 | D        | Found a radiant altar of Vehumet.
   871 | D        | Found a corrupted altar of Lugonu.
   871 | D        | Found a roughly hewn altar of Beogh.
   872 | D        | Found a hide-covered altar of Uskayaw.
   872 | D        | Found an ancient bone altar of Kikubaaqudgha.
   872 | D        | Found a shattered altar of Ashenzari.
   896 | D        | Noticed Grum
   897 | D        | Noticed a red devil
   903 | D        | Reached skill level 11 in Axes
   903 | D        | Reached XP level 8. HP: 52/57 MP: 8/8
   909 | D        | Killed Grum
   909 | D        | Reached skill level 10 in Fighting
   911 | D        | Killed a red devil
   911 | D        | Received a gift from Trog
   911 | D        | Reached skill level 12 in Axes
  1084 | D        | Noticed a manticore
  1084 | D        | Noticed a snapping turtle
  1084 | D        | Noticed an elephant
  1084 | D        | Noticed a redback
  1087 | D        | Killed a redback
  1091 | D        | Killed an elephant
  1091 | D        | Reached ****** piety under Trog
  1091 | D        | Reached skill level 13 in Axes
  1091 | D        | Reached XP level 9. HP: 63/63 MP: 9/9
  1095 | D        | Killed a manticore
  1096 | D        | HP: 3/94 [snapping turtle (9)]
  1097 | D        | HP: 1/94 [snapping turtle (2)]
  1098 | D        | Reached skill level 14 in Axes
  1410 | D        | Noticed an ice devil
  1419 | D        | Noticed a tyrant leech
  1419 | D        | Received a gift from Trog
  1426 | D        | Killed a tyrant leech
  1432 | D        | Killed an ice devil
  1456 | D        | Reached skill level 15 in Axes
  1456 | D        | Reached XP level 10. HP: 70/70 MP: 4/10
  1528 | D        | Noticed a death cob
  1536 | D        | Demolished by a death cob

Skill      XL: |  1  2  3  4  5  6  7  8  9 |
---------------+----------------------------+-----
Fighting       | 4 5 6 8 9 10 11 | 11.8
Axes           | 3 4 6 7 9 11 13 15 | 15.5
Dodging        | 2 3 4 5 6 7 |  7.5
Armour         | 3 4 5 6 7 8 |  8.5
Stealth        | 1 3 |  3.9

Action                   |  1- 3 |  4- 6 |  7- 9 | 10-12 || total
-------------------------+-------+-------+-------+-------++-------
Melee: Hand axe          |    36 |    28 |    31 |       ||    95
       Battleaxe         |       |       |    54 |    24 ||    78
Invok: Berserk           |     2 |     1 |     3 |     1 ||     7
  Eat: Chunk             |       |       |     9 |       ||     9
Armor: Animal skin       |    20 |       |       |       ||    20
       Ring mail         |       |    13 |    30 |    14 ||    57
Dodge: Dodged            |    30 |    15 |    44 |    28 ||   117
